 Dungeon Crawl Stone Soup version 0.20.1-1-g8b1a95d (webtiles) character file.

1990 Lorindel the Magician (level 9, -7/49 HPs)
             Began as a Deep Elf Wizard on July 23, 2017.
             Was an Initiate of Sif Muna.
             Killed from afar by Erica (19 damage)
             ... with a bolt of poison
             ... on level 8 of the Dungeon.
             The game lasted 01:26:19 (7551 turns).

Lorindel the Magician (Deep Elf Wizard)             Turns: 7551, Time: 01:26:20

Health: -7/49      AC:  5    Str:  4    XL:     9   Next: 1%
Magic:  8/20       EV: 14    Int: 27    God:    Sif Muna [......]
Gold:   270        SH:  0    Dex: 13    Spells: 3/21 levels left

rFire    . . .     SeeInvis .   v - +0 quarterstaff
rCold    . . .     Gourm    +   (shield currently unavailable)
rNeg     . . .     Faith    .   n - +0 robe
rPois    .         Spirit   .   z - +1 hat
rElec    .         Reflect  .   r - +0 cloak
rCorr    .         Harm     .   (no gloves)
MR       .....                  s - +0 pair of boots
Stlth    +++.......             G - amulet of the gourmand
Regen    0.2/turn               (no ring)
MPRegen  0.2/turn               (no ring)

@: lethally poisoned (-7 -> -14)
A: no striking features
a: Renounce Religion


You were on level 8 of the Dungeon.
You worshipped Sif Muna.
Sif Muna was noncommittal.
You were very full.

You visited 1 branch of the dungeon, and saw 8 of its levels.

You collected 324 gold pieces.
You spent 54 gold pieces at shops.

Inventory:

Hand Weapons
 m - a +0 scythe
 p - a +1 dagger of protection
 q - a +0 morningstar of crushing
 v - a +0 quarterstaff (weapon)
 x - a cursed -2 whip
 F - a +0 vampiric falchion
 J - a +0 shortbow
Missiles
 f - 73 arrows
 i - 123 stones (quivered)
 j - 32 poisoned needles
 u - 8 curare-tipped needles
Armour
 n - a +0 robe (worn)
 r - a +0 cloak (worn)
 s - a +0 pair of boots (worn)
 z - a +1 hat (worn)
 I - a +0 pair of boots
Jewellery
 G - an amulet of the gourmand (around neck)
Wands
 h - a wand of disintegration (7/24)
 o - a wand of random effects (30/48)
 w - a wand of disintegration (1/24)
 H - a wand of flame (21/48)
 L - a wand of digging (8/24)
 O - a wand of paralysis (7/24)
Scrolls
 e - 7 scrolls of remove curse
 l - 4 scrolls of teleportation
 y - a scroll of blinking
 E - a scroll of magic mapping
 K - a scroll of identify
Potions
 a - 3 potions of flight
 t - a potion of brilliance
 A - a potion of cancellation
 B - 2 potions of mutation
 C - a potion of agility
Books
 c - a book of Minor Magic

   Spells                             Type                      Level
   a - Magic Dart                     Conjuration                  1
   b - Blink                          Translocation                2
   c - Call Imp                       Summoning                    2
   d - Slow                           Hexes                        2
   e - Conjure Flame                  Conjuration/Fire             3
   f - Mephitic Cloud                 Conjuration/Poison/Air       3
 D - a Young Poisoner's Handbook

   Spells                             Type                      Level
   a - Sting                          Conjuration/Poison           1
   b - Poisonous Vapours              Poison/Air                   2
   c - Mephitic Cloud                 Conjuration/Poison/Air       3
   d - Olgreb's Toxic Radiance        Poison                       4
   e - Venom Bolt                     Conjuration/Poison           5
Comestibles
 b - 4 fruits
 d - 2 bread rations
 k - 4 meat rations
 M - 2 royal jellies


   Skills:
 + Level 2.7 Fighting
 + Level 2.2 Staves
 + Level 4.5 Dodging
 + Level 5.1 Stealth
 + Level 6.5 Spellcasting
 + Level 3.7 Conjurations
 - Level 4.0 Hexes
 + Level 3.5 Summonings
 + Level 3.7 Translocations
 + Level 3.2 Fire Magic
 + Level 2.2 Air Magic
 + Level 3.1 Poison Magic
 + Level 0.9 Invocations
 + Level 2.6 Evocations


You had 3 spell levels left.
You knew the following spells:

 Your Spells              Type           Power        Failure   Level  Hunger
a - Magic Dart            Conj           ####         1%          1    None
b - Call Imp              Summ           ####....     2%          2    None
c - Slow                  Hex            ####....     1%          2    None
d - Blink                 Tloc           N/A          1%          2    None
e - Mephitic Cloud        Conj/Pois/Air  ####....     5%          3    None
f - Conjure Flame         Conj/Fire      ####....     4%          3    None
g - Venom Bolt            Conj/Pois      ####......   38%         5    #####..


Dungeon Overview and Level Annotations

Branches:
Dungeon (8/15)             Temple (0/1) D:7
   Lair: D:8-11

Altars:
Cheibriados
Fedhas
Gozag
Kikubaaqudgha
Makhleb
Nemelex Xobeh
Sif Muna
Trog
Xom
Zin
The Shining One

Shops:
D:4 [

Annotations:
D:8 Erica


Message History

Confirm with . or Enter, or press ? or * to list all spells.
The spell is very dangerous to cast!
Continue anyway?
Okay, then.
Evoke which item? (* to show all) (? for menu, Esc to quit)
Aiming: Paralyse (will waste charges)
Press: ? - help, Shift-Dir - straight line Nothing appears to happen.
Evoking this partially-identified wand wasted a few charges.
You hear some strange, mumbled words.
A bolt of poison appears from out of thin air!
The bolt of poison hits you!
You are poisoned.
Ouch! That really hurt!
* * * LOW HITPOINT WARNING * * *
You feel better.
You hear some strange, mumbled words.
A bolt of poison appears from out of thin air!
The bolt of poison hits you!
You are poisoned.
You die...

...P.P.P ###
%....P.# ..#
.#..##.# #.#
......)# #.#
....5..# #.#
##.....# #.#
#.....# #<#
##....###########.#
.....5.........{@.#
......#############
.....## .....#
.....# .....#
###.## #.# ..


There were no monsters in sight!

Vanquished Creatures
  4 sky beasts
  A black bear (D:8)
  An ice beast (D:8)
  2 ogres
  A centaur (D:5)
  A necrophage (D:4)
  A bullfrog (D:6)
  3 elf skeletons (D:5)
  2 killer bees (D:7)
  A howler monkey (D:4)
  A crimson imp (D:5)
  A human zombie (D:5)
  An orc wizard (D:7)
  A hound zombie (D:4)
  2 howler monkey zombies (D:5)
  A gnoll (D:6)
  2 adders
  2 shadow imps (D:6)
  2 oozes
  A leopard gecko (D:2)
  5 orcs
  8 bats
  A giant cockroach (D:6)
  5 goblins
  3 hobgoblins (D:1)
  5 jackals
  7 kobolds
  A quokka (D:2)
  2 frilled lizards
  4 rats
72 creatures vanquished.

Vanquished Creatures (collateral kills)
  Sigmund (D:2)
  An ice beast (D:6)
  An ogre (D:6)
  A big kobold (D:6)
  3 bullfrogs
  A scorpion (D:6)
  4 killer bees (D:7)
  A howler monkey (D:4)
  A bullfrog skeleton (D:6)
  An orc priest (D:4)
  Jessica (D:2)
  A human skeleton (D:5)
  An iguana (D:4)
  5 worker ants
  2 gnolls (D:6)
  6 adders
  An ooze (D:5)
  3 worms
  4 leopard geckos
  14 orcs
  A ball python (D:2)
  A giant cockroach (D:7)
  2 hobgoblins
  4 jackals
  3 kobolds
  An orc zombie (D:5)
  A rat (D:3)
66 creatures vanquished.

Vanquished Creatures (others)
  An ogre (D:5)
  A fungus (D:8)
2 creatures vanquished.

Grand Total: 140 creatures vanquished

Notes
Turn   | Place    | Note
-------+----------+-------------------------------------------
     0 | D:1      | Lorindel the Deep Elf Wizard began the quest for the Orb.
     0 | D:1      | Reached XP level 1. HP: 10/10 MP: 7/7
   155 | D:1      | Reached XP level 2. HP: 15/15 MP: 7/9
   175 | D:1      | Learned a level 2 spell: Call Imp
   178 | D:1      | Learned a level 2 spell: Slow
   186 | D:1      | Learned a level 2 spell: Blink
  1027 | D:2      | Noticed Sigmund
  1042 | D:2      | Killed Sigmund
  1042 | D:2      | Reached skill level 1 in Fighting
  1042 | D:2      | Reached skill level 5 in Spellcasting
  1042 | D:2      | Reached skill level 1 in Hexes
  1042 | D:2      | Reached XP level 3. HP: 9/20 MP: 2/11
  1042 | D:2      | Reached XP level 4. HP: 11/25 MP: 2/13
  1063 | D:2      | Learned a level 3 spell: Mephitic Cloud
  1067 | D:2      | Learned a level 3 spell: Conjure Flame
  1218 | D:2      | Noticed Jessica
  1222 | D:2      | Killed Jessica
  1313 | D:2      | You fall through a shaft for 2 floors!
  1323 | D:4      | Found a burning altar of Makhleb.
  1374 | D:3      | Found a sparkling altar of Nemelex Xobeh.
  1407 | D:2      | Reached XP level 5. HP: 18/29 MP: 9/14
  1892 | D:3      | Found a glowing silver altar of Zin.
  1892 | D:3      | Found a glowing golden altar of the Shining One.
  1914 | D:3      | Found an opulent altar of Gozag.
  2573 | D:4      | Reached skill level 1 in Fire Magic
  3086 | D:4      | Reached XP level 6. HP: 34/34 MP: 4/16
  3295 | D:4      | Found Goavoeh's Armour Boutique.
  3303 | D:4      | Bought a +0 cloak for 54 gold pieces
  3630 | D:5      | Entered Level 5 of the Dungeon
  3630 | D:5      | Found a shimmering altar of Xom.
  3630 | D:5      | Noticed a sky beast
  3668 | D:4      | Reached skill level 1 in Poison Magic
  4001 | D:5      | Killed a sky beast
  4001 | D:5      | Reached skill level 1 in Staves
  4001 | D:5      | Reached skill level 1 in Air Magic
  4222 | D:5      | Reached XP level 7. HP: 38/38 MP: 9/17
  4421 | D:5      | Reached skill level 1 in Evocations
  4513 | D:5      | Reached skill level 6 in Spellcasting
  4616 | D:5      | Reached XP level 8. HP: 15/44 MP: 13/19
  4638 | D:5      | Learned a level 5 spell: Venom Bolt
  6023 | D:6      | Found a snail-covered altar of Cheibriados.
  6219 | D:6      | Found a faded altar of an unknown god.
  6219 | D:6      | Found a bloodstained altar of Trog.
  6225 | D:6      | Found an ancient bone altar of Kikubaaqudgha.
  6227 | D:6      | Found a faded altar of an unknown god.
  6229 | D:6      | Found a deep blue altar of Sif Muna.
  6232 | D:6      | Became a worshipper of Sif Muna the Loreminder
  7080 | D:7      | Reached skill level 5 in Stealth
  7085 | D:7      | Found a staircase to the Ecumenical Temple.
  7377 | D:7      | Found a blossoming altar of Fedhas.
  7523 | D:8      | Noticed Erica
  7547 | D:8      | Reached XP level 9. HP: 32/49 MP: 6/20
  7551 | D:8      | Killed from afar by Erica

Skill      XL: |  1  2  3  4  5  6  7  8 |
---------------+-------------------------+-----
Fighting       | 1 2 |  2.7
Stealth        | 3 4 5 |  5.1
Spellcasting   | 5 6 |  6.5
Conjurations   | 2 3 |  3.7
Hexes          | 1 2 3 4 |  4.0
Translocations | 2 3 |  3.7
Dodging        | 3 4 |  4.5
Fire Magic     | 1 2 3 |  3.2
Summonings     | 2 3 |  3.5
Poison Magic   | 1 2 3 |  3.1
Staves         | 1 2 |  2.2
Air Magic      | 1 2 |  2.2
Evocations     | 1 2 |  2.6
Invocations    | |  0.9

Action                   |  1- 3 |  4- 6 |  7- 9 || total
-------------------------+-------+-------+-------++-------
Melee: Club              |    16 |       |       ||    16
       Short sword       |    10 |     3 |       ||    13
       Dagger            |       |   128 |   112 ||   240
       Quarterstaff      |       |       |    45 ||    45
 Cast: Magic Dart        |    39 |    17 |    20 ||    76
       Call Imp          |     8 |    51 |    54 ||   113
       Blink             |     1 |     8 |     9 ||    18
       Slow              |       |    13 |    10 ||    23
       Conjure Flame     |       |     5 |     9 ||    14
       Mephitic Cloud    |       |     4 |     5 ||     9
       Venom Bolt        |       |       |     5 ||     5
Evoke: Wand              |       |       |    16 ||    16
  Use: Scroll            |       |    14 |     3 ||    17
       Potion            |       |     1 |     8 ||     9
 Stab: Distracted        |       |     1 |     3 ||     4
       Sleeping          |       |     1 |       ||     1
       Confused          |       |     1 |     3 ||     4
  Eat: Chunk             |       |     9 |    16 ||    25
       Bread ration      |       |     1 |       ||     1
       Fruit             |       |     1 |       ||     1
Armor: Robe              |     8 |    48 |    62 ||   118
Dodge: Dodged            |    38 |    90 |   143 ||   271
